Unix NetHack Version 3.7.0-88 Work-in-progress - last build Aug 6 2023 13:40:22 (5c9c4c7fffe0d5f0a8b1342c2a36a56ed743986a,branch:master). Game began 2023-08-07 13:48:20, ended 2023-08-07 14:34:45. Arasaka, neutral male gnomish Archeologist ------------ -+------ ----------- -------- |..........| ###........# |.........| |......| |.....<....| # |......|####-.........| |......| |..........| #0#.......| |.........| |......| -....@.....| ######### -------- #..........| |.)....| |....d.....| # # #|.........| |......| #...........| # ###### #----------- ------.- #-----|------ #### # # # ## ## --------------##### # ## ## ##### |............-# # ## # ### # |.........`..| ## # 0################0#######.............| ----.--- # -----.-- -----# |............| |......| # |.......#######....+## .......{.....-### -------- |.......## |......| |...|# -------------- # |.>....| |......| |......| |....# ##.......| -------- -------- ----- |......| -------- Arasaka the Field Worker St:13 Dx:11 Co:12 In:16 Wi:16 Ch:9 Neutral Dlvl:4 $:72 HP:0(30) Pw:23(23) AC:8 Xp:4/90 T:2127 Hungry Latest messages: The kobold mummy hits! You hit the kobold mummy. The kobold mummy hits! You miss the kobold mummy. The kobold mummy hits! You hit the kobold mummy. The kobold mummy hits! You miss the kobold mummy. The kobold mummy hits! You miss the kobold mummy. You miss the kobold mummy. The kobold mummy hits! You miss the kobold mummy. The kobold mummy hits! You miss the kobold mummy. The kobold mummy hits! You climb up the stairs. You stop waiting. You descend the stairs. The kobold mummy hits! You hit the kobold mummy. The kobold mummy hits! You hit the kobold mummy. The kobold mummy hits! You miss the kobold mummy. The kobold mummy hits! You hit the kobold mummy. The kobold mummy hits! You climb up the stairs. You are beginning to feel hungry. You stop waiting. You stop waiting. You descend the stairs. You stop waiting. Please move the cursor to an unknown object. (For instructions type a '?') The jackal bites! You miss the jackal. The jackal bites! You hit the jackal. The jackal bites! You miss the jackal. The jackal bites! You hit the jackal. The jackal bites! Are you sure you want to pray? [yn] (n) You begin praying to Camaxtli. The jackal bites! The jackal bites! You die... Inventory: Coins ('$') $ - 72 gold pieces Weapons (')') a - a blessed +2 bullwhip G - an uncursed +0 mace I - an uncursed +0 scimitar (weapon in hand) Armor ('[') r - an uncursed +0 elven leather helm (being worn) c - an uncursed +0 fedora b - a blessed +0 leather jacket (being worn) Comestibles ('%') d - 3 uncursed food rations n - an uncursed tripe ration Scrolls ('?') t - an uncursed scroll of destroy armor s - an uncursed scroll of fire D - an uncursed scroll of light w - an uncursed scroll of magic mapping Spellbooks ('+') m - an uncursed spellbook of extra healing y - an uncursed spellbook of fireball Potions ('!') p - an uncursed potion of gain ability j - an uncursed potion of gain level v - an uncursed potion of monster detection l - an uncursed potion of speed Wands ('/') k - an uncursed wand of probing (0:6) q - an uncursed wand of sleep (0:3) u - an uncursed wand of speed monster (0:4) Tools ('(') h - an empty uncursed sack i - an uncursed magic marker (0:49) e - an uncursed +0 pick-axe (alternate weapon; not wielded) B - an uncursed tin whistle f - an uncursed tinning kit (0:37) E - an uncursed towel Gems/Stones ('*') z - an uncursed aquamarine stone x - an uncursed jacinth stone C - 2 uncursed worthless pieces of blue glass o - an uncursed worthless piece of green glass H - an uncursed worthless piece of orange glass A - an uncursed worthless piece of red glass F - an uncursed worthless piece of yellowish brown glass g - an uncursed touchstone Arasaka the Archeologist's attributes: Background: You were a Field Worker, a level 4 male gnomish Archeologist. You were neutral, on a mission for Camaxtli who was opposed by Quetzalcoatl (lawful) and Huhetotl (chaotic). You were in the Dungeons of Doom, on level 4. You entered the dungeon 2127 turns ago. You had 90 experience points, 70 more were needed to attain level 5. Basics: You had 0 out of 30 hit points. You had all 23 energy points (spell power). Your armor class was 8. Your wallet contained 72 zorkmids. Autopickup was on for '$"?' plus thrown, with exceptions. Final Characteristics: Your strength was 13 (limit:18/50). Your dexterity was 11 (limit:18). Your constitution was 12 (limit:18). Your intelligence was 16 (limit:19). Your wisdom was 16 (limit:18). Your charisma was 9 (limit:18). Final Status: You were hungry. You were unencumbered. You were wielding a saber. You were unskilled in saber. Final Attributes: You were devoutly aligned. You had automatic searching. You had infravision. You are dead. Miscellaneous: You disabled loading of bones levels. Total elapsed playing time was 17 minutes and 50 seconds. Major events: Turn 1: Arasaka the neutral male gnomish Archeologist entered the dungeon 826: entered the Gnomish Mines 1254: attained the rank of Field Worker (level 3) 2127: killed by a jackal, while praying Vanquished creatures: a housecat a floating eye 2 homunculi 2 iguanas a hobbit 2 manes a hobgoblin a giant rat 3 cave spiders a brown mold a green mold 3 gnome zombies 6 geckos 8 jackals 2 kobolds 3 goblins a sewer rat 3 grid bugs 5 lichens a kobold zombie 5 newts 53 creatures vanquished. No species were genocided or became extinct. Voluntary challenges: You read items or engraved 10 times. You engraved Elbereth 4 times. You never genocided any monsters. You never polymorphed an object. You never changed form. You used no wishes. Achievements: You entered the Gnomish Mines. You attained the rank of Field Worker. The Dungeons of Doom: levels 1 to 5 Level 1: A fountain, a sink. Level 2: Level 3: Stairs down to The Gnomish Mines. Level 4: <- You were here. A fountain. Final resting place for you, killed by a jackal, while praying. Level 5: The Gnomish Mines: levels 4 to 5 Level 4: Level 5: Game over: ---------- / \ / REST \ / IN \ / PEACE \ / \ | Arasaka | | 72 Au | | killed by a | | jackal | | | | | | 2023 | *| * * * | * _________)/\\_//(\/(/\)/\//\/|_)_______ Goodbye Arasaka the Archeologist... You died in The Dungeons of Doom on dungeon level 4 with 625 points, and 72 pieces of gold, after 2127 moves. You were level 4 with a maximum of 30 hit points when you died.